 Dungeon Sprint DCSS version 0.19.1 (webtiles) character file.

62904 Groucho the Shatterer (level 15, -40/112 HPs)
             Began as a Gargoyle Berserker on Dec 15, 2016.
             Was the Champion of Trog.
             Killed from afar by Xtahua (69 damage)
             ... with a searing blast
             ... while paralysed by Xtahua
             ... in the Dungeon (Sprint IX: "|||||||||||||||||||||||||||||").
             The game lasted 00:15:11 (5872 turns).

Groucho the Shatterer (Gargoyle Berserker)          Turns: 5872, Time: 00:15:11

Health: -40/112    AC: 40    Str: 27    XL:     15   Next: 7%
Magic:  15/15      EV:  2    Int:  9    God:    Trog [******]
Gold:   963        SH:  0    Dex: 17    Spells: 0 memorised, 14 levels left

rFire  . . .     SeeInvis +     y - +8 great mace of Egomania {flame, rElec Dex+4}
rCold  . . .     Gourm    .     K - +1 plate armour "Qouryuk" {Str+2}
rNeg   + . .     Faith    .     (shield currently unavailable)
rPois  ∞         Spirit   .     e - +1 hat {SInv}
rElec  +         Reflect  .     v - +0 cloak
rCorr  .         Harm     .     L - +1 pair of gloves
MR     +++..     NoTele   +     w - +0 pair of boots
Stlth  ..........               (no amulet)
                                p - +3 ring of dexterity
                                o - +2 ring of protection

@: paralysed, regenerating
A: big wings, negative energy resistance 1, electricity resistance, unbreathing,
petrification resistance, rot immunity, AC +11
a: Fly, Berserk, Trog's Hand, Brothers in Arms, Burn Spellbooks, Renounce
Religion


You were in the Dungeon.
You worshipped Trog.
Trog was exalted by your worship.
You were not hungry.

You visited 1 branch You collected 1930 gold pieces.
You spent 967 gold pieces at shops.

Inventory:

Hand Weapons
 m - a +3 great mace of protection
 q - a +3 antimagic demon whip
 y - the +8 great mace of Egomania (weapon) {flame, rElec Dex+4}
   (Trog gifted it to you in the Dungeon)

   It has been specially enchanted to burn those struck by it, causing extra
   injury to most foes and up to half again as much damage against particularly
   susceptible opponents.
   It affects your dexterity (+4).
   It insulates you from electricity.
Armour
 e - a +1 hat of see invisible (worn)
 f - the +5 scale mail "Waesk" {+Inv rPois rF+ Int+3}
   (You found it in the Dungeon)

   It affects your intelligence (+3).
   It protects you from fire.
   It protects you from poison.
   It lets you turn invisible.
 v - a +0 cloak (worn)
 w - a +0 pair of boots (worn)
 K - the +1 plate armour "Qouryuk" (worn) {Str+2}
   (You found it in the Dungeon)

   It affects your strength (+2).
 L - a +1 pair of gloves (worn)
Jewellery
 o - a +2 ring of protection (left hand)
 p - a +3 ring of dexterity (right hand)
 H - an uncursed ring of protection from fire
 I - an uncursed ring of protection from cold
 J - an uncursed ring of fire
Wands
 l - a wand of lightning (7/15)
Scrolls
 i - 6 scrolls of blinking
 j - a scroll of fear
 k - 4 scrolls of remove curse
 n - 8 scrolls of enchant armour
 z - 2 scrolls of identify
 F - a scroll of vulnerability
 M - 2 scrolls of enchant weapon
Potions
 a - 3 potions of heal wounds
 c - 2 potions of cure mutation
 d - 6 potions of curing
 g - 4 potions of magic
 h - a potion of berserk rage
 r - 2 potions of haste
 x - a potion of cancellation
 A - a potion of degeneration
 B - a potion of flight
 C - a potion of invisibility
 D - a potion of ambrosia
 E - a potion of brilliance
Comestibles
 s - 13 meat rations
 t - 26 fruits
 u - 9 bread rations


   Skills:
 + Level 20.1 Fighting
 + Level 23.8 Maces & Flails
 + Level 20.0 Armour
 + Level 16.0 Dodging


You had 14 spell levels left.
You didn't know any spells.

Dungeon Overview and Level Annotations

Branches:
Dungeon (1/1)

Altars:
Cheibriados
Dithmenos
Elyvilon
Fedhas
Gozag
Hepliaklqana
Kikubaaqudgha
Makhleb
Nemelex Xobeh
Okawaru
Qazlal
Ru
Sif Muna
Trog
Uskayaw
Vehumet
Xom
Yredelemnul
Zin
The Shining One
Beogh
Jiyva
Lugonu

Shops:
D !*%?

Annotations:
D Xtahua


Innate Abilities, Weirdness & Mutations

You are resistant to torment.
Your stone body is resilient. (AC +11)
You are immune to poison.
Your large and strong wings let you fly indefinitely.
You resist negative energy. (rN+)
You are resistant to electric shocks. (rElec)
You can survive without breathing.
You are immune to petrification.
You are immune to rotting.


Message History

You hit Xtahua.
Xtahua is lightly wounded.
Xtahua roars overwhelmingly at you!
You suddenly lose the ability to move!
Xtahua breathes flames at you. The searing blast hits you! Xtahua bites you!
* * * LOW HITPOINT WARNING * * *
Xtahua claws you.
* * * LOW HITPOINT WARNING * * *
Xtahua tramples you.
* * * LOW HITPOINT WARNING * * *
You are shoved backwards!
Xtahua growls, "YOU BORE ME SO."
Xtahua bites you but does no damage. Xtahua claws you but does no damage.
Xtahua tramples you but does no damage. Xtahua breathes flames at you.
The searing blast hits you!
Ouch! That really hurt!
You die...

.................................
▓▓▓▓▓▓▓▓▓▓▓▓▓▓▓▓▓▓▓▓▓▓▓▓▓▓▓▓▓▓▓▓▓
.))†..')..(....)))))......'......
▓▓▓▓▓▓▓▓▓▓▓▓▓▓▓▓▓▓▓▓▓▓▓▓▓▓▓▓▓▓▓▓▓
......[).....)....((.............
▓▓▓▓▓▓▓▓▓▓▓▓▓▓▓▓▓▓▓▓▓▓▓▓▓▓▓▓▓▓▓▓▓
.(....(+)))()))).)...........'...
▓▓▓▓▓▓▓▓▓▓▓▓▓▓▓▓▓▓▓▓▓▓▓▓▓▓▓▓▓▓▓▓▓
,,,,,,,,.......D@.§.........)....
********▓▓▓▓▓▓▓▓▓▓▓▓▓▓▓▓▓▓▓▓▓▓▓▓▓
,,,,,,,,,,,,,,,,,,,,,,,,,,,,+,,,,
*********************************
,,,,,,,,,,,,,,,,,,,,,,,,,,,,,,,,,
*********************************
,,,,,,+,,,,,,,,,,,,,+,,,,,,,,,,,,
*********************************
,,,,,,,,,,,,,,,,,,,,,,,,,,,,,,,,,


You could see Xtahua.

Vanquished Creatures
  Nikola (D)
  A quicksilver dragon (D)
  Gastronok (D)
  A nagaraja (D)
  2 frost giants (D)
  A fire giant (D)
  2 vault wardens (D)
  2 ironheart preservers (D)
  3 stone giants (D)
  Snorg (D)
  3 great orbs of eyes (D)
  A fire dragon (D)
  Harold (D)
  2 ice dragons (D)
  2 hydras (D)
  2 rakshasas (D)
  A ghost crab (D)
  3 centaur warriors (D)
  2 ogre magi (D)
  A death knight (D)
  An orc high priest (D)
  A naga sharpshooter (D)
  A shock serpent (D)
  A shadow wraith (D)
  6 deep trolls (D)
  A sea snake (D)
  2 wizards (D)
  4 hill giants (D)
  2 necromancers (D)
  A harpy (D)
  2 orb spiders (D)
  2 manticores (D)
  2 orc knights (D)
  A wolf spider (D)
  A siren (D)
  Joseph (D)
  Maurice (D)
  2 black mambas (D)
  3 vault sentinels (D)
  Psyche (D)
  A torpor snail (D)
  A spiny frog (D)
  A komodo dragon (D)
  A freezing wraith (D)
  A tengu conjurer (D)
  A troll (D)
  3 merfolk (D)
  A two-headed ogre (D)
  2 blink frogs (D)
  3 slime creatures (D)
  3 hippogriffs (D)
  A snapping turtle (D)
  A bog body (D)
  A tarantella (D)
  A wyvern (D)
  5 redbacks (D)
  A shadow (D)
  A vampire mosquito (D)
  2 yaks (D)
  An insubstantial wisp (D)
  2 wargs (D)
  A water moccasin (D)
  2 hell hounds (D)
  4 porcupines (D)
  7 orc warriors (D)
  A swamp drake (D)
  A black bear (D)
  4 wolves (D)
  A boggart (D)
  A crocodile (D)
  A big kobold (D)
  3 bullfrogs (D)
  3 orc priests (D)
  4 orc wizards (D)
  3 worker ants (D)
  A shadow imp (D)
  An adder skeleton (D)
  2 adder zombies (D)
  3 orcs (D)
  A bat (D)
  A bat skeleton (D)
  A bat zombie (D)
  A giant cockroach (D)
  A hobgoblin (D)
  A kobold (D)
  A goblin (D)
  A rat (D)
154 creatures vanquished.

Vanquished Creatures (collateral kills)
  A lich (D)
  Rupert (D)
  A tengu reaver (D)
  A stone giant (D)
  2 ogre magi (D)
  A yaktaur captain (D)
  A spriggan air mage (D)
  A tengu warrior (D)
  A deep troll earth mage (D)
  An orc high priest (D)
  An iron troll (D)
  A deep troll (D)
  A naga ritualist (D)
  A necromancer (D)
  3 orc knights (D)
  A black mamba (D)
  A guardian serpent (D)
  A naga mage (D)
  A naga (D)
  3 orc warriors (D)
  A bullfrog (D)
  2 orc priests (D)
28 creatures vanquished.

Vanquished Creatures (others)
  A tyrant leech (D)
  A swamp drake (D)
2 creatures vanquished.

Grand Total: 184 creatures vanquished

Notes
Turn   | Place    | Note
-------+----------+-------------------------------------------
     0 | D        | Groucho the Gargoyle Berserker began the quest for the Orb.
     0 | D        | Reached XP level 1. HP: 14/14 MP: 1/1
    12 | D        | Reached ** piety under Trog
   327 | D        | Noticed a worker ant
   329 | D        | Reached skill level 4 in Maces & Flails
   329 | D        | Reached XP level 2. HP: 17/20 MP: 2/2
   333 | D        | Reached *** piety under Trog
   344 | D        | Reached skill level 5 in Maces & Flails
   344 | D        | Reached XP level 3. HP: 13/24 MP: 3/3
   688 | D        | Found a roughly hewn altar of Beogh.
   688 | D        | Found a snail-covered altar of Cheibriados.
   688 | D        | Found a shadowy altar of Dithmenos.
   688 | D        | Found a white marble altar of Elyvilon.
   688 | D        | Found a blossoming altar of Fedhas.
   688 | D        | Found an opulent altar of Gozag.
   689 | D        | Found a hazy altar of Hepliaklqana.
   690 | D        | Found a viscous altar of Jiyva.
   691 | D        | Found an ancient bone altar of Kikubaaqudgha.
   692 | D        | Found a corrupted altar of Lugonu.
   693 | D        | Found a burning altar of Makhleb.
   694 | D        | Found a sparkling altar of Nemelex Xobeh.
   695 | D        | Found an iron altar of Okawaru.
   696 | D        | Found a stormy altar of Qazlal.
   697 | D        | Found a sacrificial altar of Ru.
   698 | D        | Found a deep blue altar of Sif Muna.
   699 | D        | Found a bloodstained altar of Trog.
   700 | D        | Found a hide-covered altar of Uskayaw.
   701 | D        | Found a radiant altar of Vehumet.
   702 | D        | Found a shimmering altar of Xom.
   703 | D        | Found a basalt altar of Yredelemnul.
   704 | D        | Found a glowing silver altar of Zin.
   705 | D        | Found a glowing golden altar of the Shining One.
   752 | D        | Noticed a black bear
   752 | D        | Noticed a two-headed ogre
   752 | D        | Noticed a big kobold
   768 | D        | Killed a black bear
   768 | D        | Reached **** piety under Trog
   768 | D        | Reached skill level 5 in Fighting
   768 | D        | Reached skill level 7 in Maces & Flails
   768 | D        | Reached skill level 5 in Armour
   768 | D        | Reached XP level 4. HP: 14/32 MP: 4/4
   768 | D        | Reached XP level 5. HP: 16/36 MP: 5/5
   778 | D        | Killed a two-headed ogre
   778 | D        | Reached skill level 9 in Maces & Flails
   778 | D        | Reached skill level 5 in Dodging
   778 | D        | Reached XP level 6. HP: 9/44 MP: 6/6
   792 | D        | Noticed a hill giant
   792 | D        | Noticed a centaur warrior
   792 | D        | Noticed a shadow
   792 | D        | Noticed a yak
   796 | D        | Killed a hill giant
   796 | D        | Reached ***** piety under Trog
   796 | D        | Reached skill level 10 in Maces & Flails
   796 | D        | Reached XP level 7. HP: 35/50 MP: 7/7
   808 | D        | Killed a centaur warrior
   808 | D        | Reached skill level 12 in Maces & Flails
   808 | D        | Reached XP level 8. HP: 14/57 MP: 8/8
   809 | D        | HP: 1/57 [something (13)]
   816 | D        | Killed a shadow
   816 | D        | Reached skill level 10 in Fighting
   826 | D        | Killed a yak
   826 | D        | Reached XP level 9. HP: 51/62 MP: 9/9
   827 | D        | Reached skill level 10 in Armour
   909 | D        | Noticed Gastronok
   925 | D        | Killed Gastronok
   925 | D        | Reached skill level 14 in Maces & Flails
   925 | D        | Reached XP level 10. HP: 30/70 MP: 10/10
  1471 | D        | Got the +5 scale mail "Waesk" {+Inv rPois rF+ Int+3}
  1498 | D        | Reached ****** piety under Trog
  1501 | D        | Noticed a black mamba
  1504 | D        | Received a gift from Trog
  1533 | D        | Killed a black mamba
  1536 | D        | Reached skill level 15 in Maces & Flails
  1879 | D        | Noticed a torpor snail
  1881 | D        | Noticed a spiny frog
  1896 | D        | Killed a torpor snail
  1902 | D        | Killed a spiny frog
  1904 | D        | Received a gift from Trog
  1948 | D        | Reached skill level 10 in Dodging
  1962 | D        | Reached XP level 11. HP: 77/77 MP: 3/11
  1968 | D        | Reached skill level 16 in Maces & Flails
  1972 | D        | Received a gift from Trog
  2228 | D        | Noticed Maurice
  2248 | D        | Killed Maurice
  2402 | D        | Received a gift from Trog
  2427 | D        | Received a gift from Trog
  2573 | D        | Noticed an orc knight
  2573 | D        | Noticed an orc high priest
  2575 | D        | Noticed an orc knight
  2580 | D        | Killed an orc knight
  2582 | D        | Received a gift from Trog
  2584 | D        | Killed an orc high priest
  2587 | D        | Killed an orc knight
  2589 | D        | Noticed an orc knight
  2592 | D        | Killed an orc knight
  2600 | D        | Noticed an orc high priest
  2605 | D        | Noticed a soul eater
  2622 | D        | Killed an orc high priest
  2622 | D        | Received a gift from Trog
  2622 | D        | Reached skill level 17 in Maces & Flails
  2639 | D        | Got a fine great mace {god gift}
  2640 | D        | Identified the +8 great mace of Egomania {flame, rElec Dex+4} (Trog gifted it to you in the Dungeon)
  2885 | D        | Found Xammininuf's Distillery.
  2885 | D        | Noticed a deep troll
  2885 | D        | Noticed a deep troll
  2885 | D        | Noticed a hill giant
  2885 | D        | Noticed a deep troll
  2886 | D        | Noticed a deep troll
  2889 | D        | Killed a deep troll
  2892 | D        | Killed a deep troll
  2895 | D        | Killed a hill giant
  2899 | D        | Killed a deep troll
  2902 | D        | Noticed a deep troll
  2903 | D        | Killed a deep troll
  2905 | D        | Found Jiang's General Store.
  2910 | D        | Killed a deep troll
  2910 | D        | Received a gift from Trog
  2910 | D        | Reached XP level 12. HP: 44/86 MP: 12/12
  2915 | D        | Found Nusihoarph's Food Emporium.
  2917 | D        | Noticed an iron troll
  2918 | D        | Found Uqeoklat's Magic Scroll Shoppe.
  2919 | D        | Noticed an ogre mage
  2921 | D        | Noticed an ogre mage
  2924 | D        | Noticed an ogre mage
  2924 | D        | Killed an iron troll
  2924 | D        | Reached skill level 18 in Maces & Flails
  2926 | D        | Killed an ogre mage
  2933 | D        | Killed an ogre mage
  2940 | D        | Killed an ogre mage
  2940 | D        | Received a gift from Trog
  2949 | D        | Reached skill level 15 in Fighting
  2997 | D        | Bought a scroll of magic mapping for 42 gold pieces
  2997 | D        | Bought a scroll of blinking for 90 gold pieces
  2997 | D        | Bought a scroll of identify for 24 gold pieces
  2997 | D        | Bought a scroll of identify for 24 gold pieces
  2997 | D        | Bought 2 scrolls of enchant armour for 180 gold pieces
  3004 | D        | Bought a potion of heal wounds for 65 gold pieces
  3004 | D        | Bought a potion of cancellation for 104 gold pieces
  3004 | D        | Bought a potion of degeneration for 13 gold pieces
  3004 | D        | Bought a potion of flight for 39 gold pieces
  3004 | D        | Bought a potion of invisibility for 104 gold pieces
  3004 | D        | Bought a potion of ambrosia for 104 gold pieces
  3004 | D        | Bought a potion of brilliance for 52 gold pieces
  3006 | D        | Bought a potion of curing for 36 gold pieces
  3010 | D        | Bought a scroll of vulnerability for 90 gold pieces
  3053 | D        | Noticed Harold
  3063 | D        | Killed Harold
  3063 | D        | Reached skill level 15 in Armour
  3136 | D        | Got the +1 plate armour "Qouryuk" {Str+2}
  3205 | D        | Noticed an eight-headed hydra
  3208 | D        | Noticed a tengu warrior
  3210 | D        | Noticed a stone giant
  3210 | D        | Received a gift from Trog
  3213 | D        | Noticed a stone giant
  3215 | D        | Noticed a lich
  3221 | D        | Killed an eight-headed hydra
  3221 | D        | Reached skill level 19 in Maces & Flails
  3226 | D        | Killed a stone giant
  3237 | D        | Killed a stone giant
  3237 | D        | Received a gift from Trog
  3240 | D        | Killed a lich
  3242 | D        | Killed a tengu warrior
  3376 | D        | Noticed a frost giant
  3378 | D        | Noticed a fire dragon
  3391 | D        | Killed a frost giant
  3391 | D        | Received a gift from Trog
  3397 | D        | Killed a fire dragon
  3397 | D        | Reached XP level 13. HP: 44/93 MP: 13/13
  3600 | D        | Received a gift from Trog
  3600 | D        | Reached skill level 20 in Maces & Flails
  3630 | D        | Received a gift from Trog
  3648 | D        | Received a gift from Trog
  3759 | D        | Received a gift from Trog
  3957 | D        | Noticed a nagaraja
  3972 | D        | Reached skill level 21 in Maces & Flails
  3976 | D        | Received a gift from Trog
  3978 | D        | Killed a nagaraja
  3986 | D        | Received a gift from Trog
  4553 | D        | Noticed Joseph
  4562 | D        | Killed Joseph
  4566 | D        | Noticed Psyche
  4567 | D        | Noticed Snorg
  4569 | D        | Killed Psyche
  4573 | D        | Killed Snorg
  4598 | D        | Noticed Rupert
  4598 | D        | Paralysed by Rupert for 2 turns
  4607 | D        | Killed Rupert
  4639 | D        | Noticed a tengu reaver
  4639 | D        | Noticed a yaktaur captain
  4639 | D        | Noticed a quicksilver dragon
  4640 | D        | Killed a tengu reaver
  4643 | D        | Received a gift from Trog
  4647 | D        | Noticed a fire giant
  4656 | D        | Killed a yaktaur captain
  4669 | D        | Killed a quicksilver dragon
  4669 | D        | Received a gift from Trog
  4669 | D        | Reached skill level 22 in Maces & Flails
  4669 | D        | Gained mutation: Your large and strong wings let you fly indefinitely. [Gargoyle growth]
  4669 | D        | Reached XP level 14. HP: 76/103 MP: 14/14
  4674 | D        | Killed a fire giant
  4760 | D        | Received a gift from Trog
  4822 | D        | Noticed a frost giant
  4827 | D        | Noticed a stone giant
  4830 | D        | Noticed a stone giant
  4836 | D        | Killed a frost giant
  4844 | D        | Killed a stone giant
  4844 | D        | Received a gift from Trog
  4848 | D        | Killed a stone giant
  4857 | D        | Reached skill level 23 in Maces & Flails
  5415 | D        | Noticed a vault warden
  5421 | D        | Noticed an ironheart preserver
  5433 | D        | Noticed a vault warden
  5436 | D        | Killed a vault warden
  5436 | D        | Received a gift from Trog
  5436 | D        | Reached skill level 15 in Dodging
  5447 | D        | Noticed an ironheart preserver
  5449 | D        | Killed an ironheart preserver
  5456 | D        | Killed an ironheart preserver
  5456 | D        | Received a gift from Trog
  5462 | D        | Killed a vault warden
  5487 | D        | Received a gift from Trog
  5507 | D        | Received a gift from Trog
  5836 | D        | Noticed Nikola
  5849 | D        | Killed Nikola
  5849 | D        | Reached XP level 15. HP: 100/112 MP: 15/15
  5860 | D        | Noticed Xtahua
  5868 | D        | Paralysed by Xtahua for 6 turns
  5872 | D        | Killed from afar by Xtahua

Skill      XL: |  1  2  3  4  5  6  7  8  9 10 11 12 13 14 |
---------------+-------------------------------------------+-----
Dodging        | 2 3 5 6 7 8 10 11 12 14 16 | 16.0
Fighting       | 4 5 7 8 9 10 11 12 14 16 17 20 | 20.1
Maces & Flails | 4 5 7 9 10 12 14 15 17 19 22 23 | 23.8
Armour         | 3 5 6 8 9 11 12 14 16 17 20 | 20.0

Action                   |  1- 3 |  4- 6 |  7- 9 | 10-12 | 13-15 || total
-------------------------+-------+-------+-------+-------+-------++-------
Melee: Mace              |    37 |       |       |       |       ||    37
       Morningstar       |    14 |    17 |    39 |    74 |       ||   144
       Demon whip        |       |       |       |   116 |       ||   116
       Great mace        |       |       |       |    94 |   243 ||   337
Invok: Trog's Hand       |       |     1 |       |     7 |     9 ||    17
       Berserk           |       |     1 |       |     2 |     2 ||     5
       Brothers in Arms  |       |       |       |     3 |     3 ||     6
  Use: Potion            |     2 |     1 |     3 |     2 |     3 ||    11
       Scroll            |       |       |       |     1 |       ||     1
 Stab: Invisible         |     1 |     4 |     1 |       |       ||     6
  Eat: Chunk             |       |       |     2 |     2 |     2 ||     6
       Bread ration      |       |       |       |     2 |     2 ||     4
       Fruit             |       |       |       |     7 |     7 ||    14
Armor: Animal skin       |     5 |       |       |       |       ||     5
       Chain mail        |    29 |     3 |    16 |       |       ||    48
       Scale mail        |       |       |       |    87 |       ||    87
       Plate armour      |       |       |       |    30 |   128 ||   158
Dodge: Dodged            |    51 |     5 |    10 |   151 |   118 ||   335
